[Event "Late-Titled-Tuesday-Blitz-January-23-2024"]
[Site "Chess.com"]
[Date "2024.01.23"]
[Round "7"]
[White "ukchessbomber"]
[Black "Harsha_Bharathakoti"]
[Result "0-1"]
[WhiteElo "2687"]
[BlackElo "2903"]
[TimeControl "180+1"]
[EndTime "15:13:43 PST"]
[Termination "Harsha_Bharathakoti won by resignation"]

1. b4 Nf6 2. Bb2 g6 3. e3 Bg7 4. d4 O-O 5. Nf3 d5 6. Be2 a5 7.
bxa5 Nc6 8. c4 Nxa5 9. cxd5 Nxd5 10. O-O c5 11. Nc3 Nc6 12. Rc1 Nxc3 13. Bxc3 cxd4 14. exd4 Rxa2 15. d5 Bxc3 16. Rxc3 Nb8 17. h4 Bg4 18. Re3 Ra5 19. Bc4 Nd7 20. Rfe1 Nb6 21. Bb3 Nxd5 22. Re5 e6 23. h5 Bxh5 24. Rxh5 gxh5 25. Bc2 Nb4 26.
Bxh7+ Kxh7 27. Qb1+ Nd3 28. Re3 Rd5 29. Ne5 Rxe5 30.
Rxe5 Qd4 31. Rxh5+ Kg7 32. Rh3 Qxf2+ 33. Kh1 Qe1+ 0-1

[Event "Late-Titled-Tuesday-Blitz-January-23-2024"]
[Site "Chess.com"]
[Date "2024.01.23"]
[Round "7"]
[White "Josgar05"]
[Black "ErikRonka"]
[Result "0-1"]
[WhiteElo "2308"]
[BlackElo "2477"]
[TimeControl "180+1"]
[EndTime "15:13:46 PST"]
[Termination "ErikRonka won by checkmate"]

1. Nf3 Nf6 2. b3 g6 3. Bb2 Bg7 4.
g3 O-O 5. Bg2 d6 6. O-O e5 7. d3 Nbd7 8. e4 Nh5 9. Nbd2 Qe8 10. d4 b6 11. dxe5 dxe5 12. Ba3 Nc5 13. Re1 Bb7 14. Qe2 Qc6 15. b4 Qa4 16. Qe3 Ne6 17. Rac1 Nd4 18. Nxd4 exd4 19. Qb3 Qd7 20. Bb2 Rfe8 21. Rcd1 Rad8 22. Nf3 Bxe4 23. Nxd4 Bxg2 24. Rxe8+ Qxe8 25. Kxg2 Bxd4 26. Bxd4 Qe4+ 27. Qf3 Rxd4 28. Rxd4 Qxd4 29. Qa8+ Kg7 30. Qxa7 Qe4+ 31. Kg1 Qxc2 32.
a4 Nf6 33. a5 Ne4 34. axb6 Qxf2+ 35. Kh1 Qf1# 0-1

[Event "Late-Titled-Tuesday-Blitz-January-23-2024"]
[Site "Chess.com"]
[Date "2024.01.23"]
[Round "7"]
[White "Balla_Tamas"]
[Black "miraitrunks"]
[Result "1-0"]
[WhiteElo "2456"]
[BlackElo "2105"]
[TimeControl "180+1"]
[EndTime "15:13:48 PST"]
[Termination "Balla_Tamas won on time"]

1. e4 c5 2. c3 g6 3. d4 cxd4 4.
cxd4 d6 5. Nc3 Nf6 6. Nf3 Bg7 7. h3 O-O 8. Be3 Nc6 9. Be2 a6 10. O-O b5 11. a3 Bb7 12. Qd2 Rc8 13. Bh6 Na5 14.
Bxg7 Kxg7 15. Qf4 Nb3 16. Rad1 Qa5 17. e5 Nd5 18. Nxd5 Bxd5 19. exd6 exd6 20. Qxd6 Bxf3 21. Bxf3 Rc2 22. Qe5+ Kg8 23. d5 Nd2 24. Be4 Rc4 25.
Bd3 Nxf1 26. Bxc4 bxc4 27. Rxf1 Rd8 28. Rd1 Qb5 29. Qf6 Rxd5 30. Re1 Rf5 31. Qd8+ Kg7 32.
Qd4+ Kh6 33. Re4 g5 34. h4 Qd5 35. hxg5+ Rxg5 36. Qf6+ Rg6 37. Rh4+ 1-0

[Event "Late-Titled-Tuesday-Blitz-January-23-2024"]
[Site "Chess.com"]
[Date "2024.01.23"]
[Round "7"]
[White "ansko1999"]
[Black "rasmussvane"]
[Result "0-1"]
[WhiteElo "2707"]
[BlackElo "2973"]
[TimeControl "180+1"]
[EndTime "15:13:54 PST"]
[Termination "rasmussvane won by resignation"]

1. e4 c6 2. d4 d5 3. Nd2 dxe4 4. Nxe4 Nf6 5. Nxf6+ exf6 6. c3 Bd6 7. Bd3 O-O 8. Ne2 Re8 9. O-O Nd7 10. Ng3 Nf8 11.
f4 c5 12. d5 a6 13. c4 b5 14. b3 Rb8 15. Bd2 Ng6 16. Nf5 Bxf5 17. Bxf5 bxc4 18.
bxc4 Qc7 19. g3 Ne7 20. Bd3 Qd7 21. Qh5 g6 22. Qh4 Kg7 23. Bc3 Ng8 24. Rae1 Rxe1 25. Rxe1 Re8 26. Rxe8 Qxe8 27. Kf2 Qa4 28. Qg4 Qa3 29.
Qf3 Qxc3 0-1

[Event "Late-Titled-Tuesday-Blitz-January-23-2024"]
[Site "Chess.com"]
[Date "2024.01.23"]
[Round "7"]
[White "Kamilek84"]
[Black "Rud_Makarian"]
[Result "1-0"]
[WhiteElo "2717"]
[BlackElo "2956"]
[TimeControl "180+1"]
[EndTime "15:13:55 PST"]
[Termination "Kamilek84 won by resignation"]

1. e4 c5 2. Nf3 e6 3. d4 cxd4 4. Nxd4 Nc6 5. Nc3 a6 6. Nxc6 bxc6 7. Bd3 d5 8. O-O Nf6 9. Qe2 Be7 10. b3 O-O 11. Bb2 d4 12. Nb1 e5 13. Nd2 c5 14. Bc1 a5 15. a4 Nd7 16. Nc4 Bg5 17. f4 exf4 18. e5 g6 19. Bxf4 Bxf4 20. Rxf4 Qe7 21.
Raf1 Bb7 22. Nd6 Bd5 23. Nf5 Qxe5 24. Qxe5 Nxe5 25. Ne7+ Kg7 26. Nxd5 f5 27. R4f2 Rad8 28. Nc7 Kf6 29. Bc4 Rd7 30. Nd5+ Kg7 31. Nf4 Kf6 32.
Re2 Ng4 33. Re6+ Kg5 34. Ra6 Kh6 35. Rxa5 Ne3 36. Rf2 g5 37. Nd3 f4 38. Rxc5 Re7 39. Re5 Rfe8 40. Rxe7 Rxe7 41. a5 Ng4 42. Rf1 Ne3 43.
Rc1 g4 44. Nxf4 Kg5 45. Nd3 Kh4 46. g3+ Kg5 47. a6 h5 48. Ra1 Ra7 49. Ra5+ Kh6 50. Ra2 Kg5 51. Nb4 h4 52. Nc6 Ra8 53. a7 Nf5 54.
Nb8 Ne3 55. Bd3 Nd5 56. Be4 h3 57. Bxd5 Rxa7 58. Rxa7 d3 59. cxd3 Kf6 60. Rf7+ Ke5 61. Rf5+ Kd4 62. Be4 Kc3 63. b4 Kd2 64. d4 Kc1 65. d5 Kd2 66. d6 Kc3 67. d7 Kb2 68. d8=Q Ka3 69. Qd3+ Kb2 70. Rf2+ Ka1 1-0

[Event "Late-Titled-Tuesday-Blitz-January-23-2024"]
[Site "Chess.com"]
[Date "2024.01.23"]
[Round "7"]
[White "jefferyx"]
[Black "Alex_Sahakyan2006"]
[Result "1/2-1/2"]
[WhiteElo "2987"]
[BlackElo "2735"]
[TimeControl "180+1"]
[EndTime "15:13:58 PST"]
[Termination "Game drawn by repetition"]

1. e4 e5 2. Nf3 Nc6 3. Nc3 Nf6 4.
d4 Bb4 5. Nxe5 O-O 6. Bg5 Re8 7. Bd3 Nxd4 8. Ng4 Nxe4 9. Bxd8 Nxc3+ 10. Kf1 Nxd1 11. Rxd1 Rxd8 12. c3 Nc6 13. cxb4 d5 14. b5 Bxg4 15. f3 Bd7 16. bxc6 Bxc6 17. Kf2 Re8 18.
Rc1 Re7 19. b4 a6 20. Rhe1 Kf8 21. a4 Rxe1 22. Kxe1 Re8+ 23. Kd2 Re7 24. Bxa6 Bxa4 25. Bxb7 c5 26. Ba6 cxb4 27. Rc8+ Re8 28. Rc7 Rb8 29.
Bd3 b3 30. Kc1 b2+ 31. Kb1 g6 32. Rc5 Bb3 33. Rb5 Rxb5 34. Bxb5 Ke7 35. Kxb2 Bd1 36. Kc1 Bb3 37. Kb2 Bd1 38. Kc1 Bb3 39. Kb2 1/2-1/2

[Event "Late-Titled-Tuesday-Blitz-January-23-2024"]
[Site "Chess.com"]
[Date "2024.01.23"]
[Round "7"]
[White "Jenia84"]
[Black "ATM622"]
[Result "0-1"]
[WhiteElo "2308"]
[BlackElo "2468"]
[TimeControl "180+1"]
[EndTime "15:14:03 PST"]
[Termination "ATM622 won by resignation"]

1. Nf3 b6 2. g3 Bb7 3. Bg2 g6 4.
O-O Bg7 5. d4 Nf6 6. c4 e6 7.
Nc3 O-O 8. Bg5 d5 9. cxd5 exd5 10. Ne5 c6 11. Rc1 Nbd7 12. Nxd7 Qxd7 13. e4 dxe4 14.
Nxe4 Nxe4 15. Bxe4 Qxd4 16. Qxd4 Bxd4 17. Bxc6 Bxc6 18.
Rxc6 Bxb2 19. Rd1 Rac8 20. Rxc8 Rxc8 21. Rd7 a5 22. a4 Ba3 23. Kg2 Bc5 24. Bf6 Re8 25.
h4 Re6 26. Rd8+ Bf8 27. Bg5 Kg7 28. g4 Re4 29. f3 Rxa4 30. h5 gxh5 31. gxh5 h6 32.
Be3 Bc5 33. Bd2 Kf6 34. Bxh6 Rh4 35. Bd2 Rxh5 36. Bc3+ Ke7 37. Rb8 Rd5 38. f4 a4 39.
Rb7+ Ke6 40. Be5 f6 41. Ba1 a3 42. Kf3 Rd1 0-1

[Event "Late-Titled-Tuesday-Blitz-January-23-2024"]
[Site "Chess.com"]
[Date "2024.01.23"]
[Round "7"]
[White "SergioMoralesG"]
[Black "DraningWaterHi"]
[Result "0-1"]
[WhiteElo "2449"]
[BlackElo "2215"]
[TimeControl "180+1"]
[EndTime "15:14:04 PST"]
[Termination "DraningWaterHi won by checkmate"]

1. d4 Nf6 2. c4 g6 3. Nc3 Bg7 4. e4 d6 5. Nf3 O-O 6. Be2 e5 7. Be3 Ng4 8. Bg5 f6 9. Bh4 g5 10. Bg3 Nc6 11. d5 Ne7 12. Nd2 Nh6 13. f3 f5 14. b4 f4 15. Bf2 a5 16. a3 Ng6 17. c5 Bd7 18. cxd6 cxd6 19. Nb5 Bxb5 20. Bxb5 axb4 21. axb4 Rxa1 22. Qxa1 g4 23. Qa7 Qc7 24. O-O Bf6 25. Qb6 Qc3 26. Be1 Qxb4 27. Nc4 Qb3 28. Nxd6 Bd8 29. Qxb7 Be7 30. Bc4 Qc2 31. Nf5 Nxf5 32.
exf5 Bc5+ 33. Bf2 Qxc4 34. fxg6 hxg6 35. Qd7 g3 36. Bxc5 Qxc5+ 37. Kh1 gxh2 38. Rb1 Rf7 39. Qe6 Kg7 40. Qxe5+ Kh6 41. Rb8 Qg1# 0-1

[Event "Late-Titled-Tuesday-Blitz-January-23-2024"]
[Site "Chess.com"]
[Date "2024.01.23"]
[Round "7"]
[White "annasargsyan_m"]
[Black "jcmesafischer"]
[Result "1-0"]
[WhiteElo "2536"]
[BlackElo "2362"]
[TimeControl "180+1"]
[EndTime "15:14:06 PST"]
[Termination "annasargsyan_m won by resignation"]

1. d4 Nf6 2. c4 e6 3. Nf3 d5 4. Nc3 Be7 5. Bf4 c6 6. e3 O-O 7. Rc1 Re8 8. h3 Nbd7 9. cxd5 exd5 10. Bd3 Nf8 11. O-O Ng6 12. Bh2 Bd6 13. Bxd6 Qxd6 14. Qc2 Nh5 15. a3 a5 16. Na4 Qf6 17. Bxg6 hxg6 18. Ne5 Qg5 19. f4 Qh4 20. Nb6 Bf5 21.
Qf2 Qxf2+ 22. Rxf2 Nf6 23. Nxa8 Rxa8 24. b4 Ne4 25. Rb2 f6 26. Nf3 Nd6 27. Nd2 Bd7 28.
Kf2 b5 29. g4 a4 30. Kf3 Kf7 31. Rh1 Re8 32. h4 f5 33. g5 Nc4 34. Nxc4 dxc4 35. h5 Be6 36. hxg6+ Kxg6 37. e4 fxe4+ 38. Ke3 c3 39. Rc2 Bd5 40. Rxc3 Kf5 41. Rh7 Kg6 42. Rh2 Kf5 43. Rc1 Rd8 44. Rch1 Bf7 45. Rh7 Kg6 46. f5+ Kxf5 47. Rxg7 Ke6 48. Rh6+ Ke7 49. g6 Kf6 50.
Rxf7+ Kg5 51. Rhh7 Kxg6 52. Rd7 Kf6 53. Rxd8 1-0

[Event "Late-Titled-Tuesday-Blitz-January-23-2024"]
[Site "Chess.com"]
[Date "2024.01.23"]
[Round "7"]
[White "rhungaski"]
[Black "BardArtem"]
[Result "0-1"]
[WhiteElo "2509"]
[BlackElo "2790"]
[TimeControl "180+1"]
[EndTime "15:14:07 PST"]
[Termination "BardArtem won by resignation"]

1. e4 c5 2. Nf3 d6 3. d4 cxd4 4. Nxd4 Nf6 5. Nc3 g6 6. Be3 Nc6 7. f3 h5 8. Qd2 Nxd4 9. Bxd4 Bh6 10.
Be3 Bxe3 11. Qxe3 Be6 12. Bb5+ Kf8 13. O-O Kg7 14. a4 a6 15. Be2 Rc8 16. f4 Bc4 17. e5 Ng4 18. Bxg4 hxg4 19. Rfd1 d5 20. f5 e6 21. f6+ Kg8 22. a5 Qf8 23. Rd4 Qc5 24.
Re1 Rh5 25. Qf4 Qxa5 26. Qxg4 Qb6 27. Rb1 Rxe5 28. h3 Re4 29. Nxe4 Qxd4+ 30. Nf2 Qxg4 31.
Nxg4 Be2 32. Ne5 Rxc2 33. Kf2 d4 34. Ra1 d3 35. Ke3 d2 36. Kxe2 Rc1 0-1

[Event "Late-Titled-Tuesday-Blitz-January-23-2024"]
[Site "Chess.com"]
[Date "2024.01.23"]
[Round "7"]
[White "vugarrasulov"]
[Black "Ajedrecista3000"]
[Result "1-0"]
[WhiteElo "2940"]
[BlackElo "2597"]
[TimeControl "180+1"]
[EndTime "15:14:08 PST"]
[Termination "vugarrasulov won by checkmate"]

1. d4 Nf6 2. c4 e6 3. Nf3 b6 4. a3 Bb7 5. Nc3 d5 6. Bg5 Be7 7. Qa4+ Qd7 8. Qc2 Qd8 9. cxd5 Nxd5 10. Nxd5 Bxd5 11. Bxe7 Qxe7 12. e4 Bb7 13. Rc1 O-O 14.
Qxc7 Qxc7 15. Rxc7 Bxe4 16. Ne5 f6 17. Nc4 Nc6 18.
Nd6 Bd5 19. Bc4 Nxd4 20. Bxd5 exd5 21. Kd2 Rfd8 22. Kd3 Ne6 23. Rc6 Rd7 24. b4 Rad8 25. Nf5 Nf4+ 26. Kd4 Re8 27. g3 Re4+ 28. Kc3 d4+ 29. Kb3 Nd3 30. Nd6 Rxd6 31. Rxd6 Nxf2 32. Rc1 h5 33. Rc7 d3 34. Rxa7 h4 35. Rdd7 Rg4 36. gxh4 f5 37. h5 f4 38. h6 gxh6 39.
Rd8# 1-0

[Event "Late-Titled-Tuesday-Blitz-January-23-2024"]
[Site "Chess.com"]
[Date "2024.01.23"]
[Round "7"]
[White "ITheOnlyME"]
[Black "C_K_G"]
[Result "1-0"]
[WhiteElo "2385"]
[BlackElo "2145"]
[TimeControl "180+1"]
[EndTime "15:14:09 PST"]
[Termination "ITheOnlyME won by resignation"]

1. d4 d5 2. Bf4 e6 3. e3 Nf6 4. Nf3 Bd6 5. Bg3 O-O 6. Bd3 c5 7. c3 Nc6 8. Nbd2 c4 9. Bc2 Qc7 10. e4 Bxg3 11. hxg3 h6 12. e5 Nd7 13. g4 f6 14. exf6 Nxf6 15. Qe2 Nxg4 16. O-O-O e5 17. dxe5 Ngxe5 18. Rh5 Bg4 19. Rxe5 Bxf3 20. Nxf3 Rxf3 21. Rexd5 Qf4+ 22. Kb1 Rxf2 23. Qe6+ Kh8 24. Qg6 Rxc2 25. Qxc2 Re8 26. Rf5 Qg4 27. Rdf1 Kg8 28. Qf2 Qe4+ 29. Ka1 Qe7 30. Rf7 Qd6 31. Qf4 Qxf4 32. R7xf4 Ne5 33.
Re4 Re7 34. Rfe1 Nc6 35. Rxe7 1-0

[Event "Late-Titled-Tuesday-Blitz-January-23-2024"]
[Site "Chess.com"]
[Date "2024.01.23"]
[Round "7"]
[White "ccccvhhhj"]
[Black "PawnEatingZombie"]
[Result "1-0"]
[WhiteElo "2473"]
[BlackElo "2105"]
[TimeControl "180+1"]
[EndTime "15:14:11 PST"]
[Termination "ccccvhhhj won by resignation"]

1. e4 e6 2. Nf3 d5 3. e5 Bd7 4. b4 Bxb4 5. c3 Bf8 6. d4 c5 7. Bd3 Nc6 8. O-O Nge7 9. a4 Ng6 10. Na3 Be7 11. Nb5 O-O 12. Nd6 Bxd6 13. exd6 cxd4 14. cxd4 a5 15. h4 Nxh4 16. Bxh7+ Kxh7 17. Ng5+ Kg6 18. Qg4 f5 19. Qxh4 Rh8 20. Qg3 Kf6 21. Bf4 g6 22. Nxe6 Bxe6 23. Bg5+ Kf7 24. Bxd8 Raxd8 25. Rab1 Rd7 26.
Rfd1 Kf6 27. f4 Rh5 28. Re1 Kf7 29. Qe3 Nd8 30. Rbc1 Rxd6 31. Rc7+ Kf8 32. Qe5 Rd7 33. Qf6+ Nf7 34. Rxd7 Bxd7 35. Qe7+ Kg8 36. Qxd7 1-0

[Event "Late-Titled-Tuesday-Blitz-January-23-2024"]
[Site "Chess.com"]
[Date "2024.01.23"]
[Round "7"]
[White "toninhojit"]
[Black "IlanSchnaider"]
[Result "1-0"]
[WhiteElo "2517"]
[BlackElo "2750"]
[TimeControl "180+1"]
[EndTime "15:14:14 PST"]
[Termination "toninhojit won by resignation"]

1. d4 d5 2. c4 c6 3. Nf3 Nf6 4. e3 Bf5 5. Nc3 e6 6. Nh4 Be4 7. f3 Bg6 8. Qb3 Qc7 9. Bd2 a5 10. Rc1 Bd6 11. cxd5 exd5 12. Nb5 Bg3+ 13. hxg3 Qxg3+ 14.
Kd1 a4 15. Nd6+ Qxd6 16. Qxb7 O-O 17. Qxa8 Nh5 18. Be1 Qe7 19. Bf2 Qb4 20. Nxg6 hxg6 21. Bd3 Qxb2 22. Bc2 Nd7 23. Qxc6 Ndf6 24. Qxa4 Rc8 25.
Qb3 Rxc2 26. Rxc2 Qa1+ 27. Rc1 Qxd4+ 28. exd4 Ng3 29. Bxg3 Ne4 1-0

[Event "Late-Titled-Tuesday-Blitz-January-23-2024"]
[Site "Chess.com"]
[Date "2024.01.23"]
[Round "7"]
[White "StellarChess"]
[Black "Alex_Banzea"]
[Result "1-0"]
[WhiteElo "2497"]
[BlackElo "2610"]
[TimeControl "180+1"]
[EndTime "15:14:15 PST"]
[Termination "StellarChess won on time"]

1. d4 Nf6 2. Bg5 g6 3. Bxf6 exf6 4. e3 d5 5. c4 dxc4 6. Bxc4 Bd6 7. h4 h5 8. Qc2 Nd7 9. Ne2 Qe7 10. Nbc3 c6 11.
O-O-O Nb6 12. Bb3 Be6 13. Bxe6 Qxe6 14. Qe4 f5 15. Qxe6+ fxe6 16. g3 e5 17. dxe5 Bxe5 18. Rd3 Ke7 19. Rhd1 Rad8 20. Nf4 Bxf4 21. exf4 Rxd3 22.
Rxd3 Rd8 23. Re3+ Kf6 24. b3 Rd7 25. Kc2 Nd5 26. Nxd5+ Rxd5 27. Re8 Rd7 28. Ra8 b6 29. a4 c5 30. a5 bxa5 31. Rc8 Rd4 32. Rc6+ Kg7 33.
Rc7+ Kh6 34. Rxa7 c4 35. bxc4 Rxc4+ 36. Kd3 Ra4 37. Ra8 Ra3+ 38. Kd4 Ra2 39. Ke5 Kg7 40. Ra7+ Kg8 41. Kf6 a4 42. Kxg6 Kf8 43. Kxh5 a3 44. Kg5 Ra1 45. Kxf5 1-0

[Event "Late-Titled-Tuesday-Blitz-January-23-2024"]
[Site "Chess.com"]
[Date "2024.01.23"]
[Round "7"]
[White "Korchmar_Vasiliy"]
[Black "rikchessmx"]
[Result "1-0"]
[WhiteElo "2743"]
[BlackElo "2413"]
[TimeControl "180+1"]
[EndTime "15:14:16 PST"]
[Termination "Korchmar_Vasiliy won by resignation"]

1. e4 e5 2. Nf3 Nc6 3. Bc4 Bc5 4. c3 Qf6 5. O-O Nge7 6. d4 exd4 7. Bg5 Qg6 8. Bxe7 Bxe7 9. cxd4 Qxe4 10. Nc3 Qf4 11.
Nd5 Qh6 12. Nxc7+ Kd8 13. Nxa8 Bd6 14. h3 b6 15. Qc1 Bf4 16. Qc3 Bb7 17. Nxb6 axb6 18.
d5 Ne7 19. Qd4 Nc8 20. Ne5 Qf6 21. Rfe1 d6 22. Nc6+ Bxc6 23. Qxf6+ gxf6 24. dxc6 Kc7 25. Bd5 Be5 26. Re2 Rf8 27. g3 f5 28. f4 Bd4+ 29.
Kg2 b5 30. Rae1 Bf6 31. Re8 Rxe8 32. Rxe8 Ne7 33. Bf3 Nxc6 34. Bxc6 Kxc6 35. Rf8 Bxb2 36. Rxf7 d5 37. Kf3 d4 38. Ke2 Kd5 39. Kd3 Bc3 40.
Rxf5+ 1-0

[Event "Late-Titled-Tuesday-Blitz-January-23-2024"]
[Site "Chess.com"]
[Date "2024.01.23"]
[Round "7"]
[White "FM_Kappeler"]
[Black "ImportedItalianMaple"]
[Result "0-1"]
[WhiteElo "2267"]
[BlackElo "2435"]
[TimeControl "180+1"]
[EndTime "15:14:18 PST"]
[Termination "ImportedItalianMaple won on time"]

1. c4 Nf6 2. Nf3 b6 3. Nc3 Bb7 4. g3 e6 5. Bg2 c5 6. O-O Be7 7. d4 cxd4 8. Qxd4 Nc6 9. Qf4 O-O 10. b3 Qb8 11. Qd2 Rd8 12. e4 Bb4 13. Re1 d5 14.
exd5 exd5 15. a3 Ne4 16. Qc2 Bxc3 17. cxd5 Ne5 18. Nxe5 Bxe5 19. Bb2 Bxb2 20. Qxb2 Nf6 21. d6 Bxg2 22. Kxg2 Qxd6 23. Rad1 Qc6+ 24. Kg1 h6 25. Qe5 Qf3 26. Rxd8+ Rxd8 27. Qe7 Rd1 28. Rxd1 Qxd1+ 29. Kg2 Qxb3 30. Qd8+ Kh7 31. Qe7 Qd5+ 0-1

[Event "Late-Titled-Tuesday-Blitz-January-23-2024"]
[Site "Chess.com"]
[Date "2024.01.23"]
[Round "7"]
[White "azikom"]
[Black "ChristopherYoo"]
[Result "0-1"]
[WhiteElo "2704"]
[BlackElo "2983"]
[TimeControl "180+1"]
[EndTime "15:14:19 PST"]
[Termination "ChristopherYoo won on time"]

1. d4 Nf6 2. Nf3 e6 3. c4 b6 4. Nc3 Bb4 5. Qb3 a5 6. Bd2 Bb7 7.
e3 O-O 8. Be2 d6 9. O-O Nbd7 10.
Qc2 Bxc3 11. Bxc3 Ne4 12. Be1 f5 13. Nd2 Qg5 14. f4 Qg6 15. Bf3 Nxd2 16. Qxd2 Bxf3 17.
Rxf3 Nf6 18. Qe2 Ne4 19. Rf1 c5 20. Rd1 a4 21. h3 Kh8 22. Kh2 Qf6 23. Rf3 Rg8 24.
d5 e5 25. Rf1 a3 26. b3 Rae8 27. Qf3 Rgf8 28. Qe2 exf4 29. Rxf4 g5 30. Rf1 f4 31.
exf4 Ng3 32. Qf3 Nxf1+ 33. Qxf1 Qxf4+ 34. Qxf4 gxf4 35. Bc3+ Kg8 36. Rd2 Re3 37. Rc2 Rfe8 0-1

[Event "Late-Titled-Tuesday-Blitz-January-23-2024"]
[Site "Chess.com"]
[Date "2024.01.23"]
[Round "7"]
[White "sergiochess83"]
[Black "CaspiIsrael"]
[Result "1-0"]
[WhiteElo "2887"]
[BlackElo "2677"]
[TimeControl "180+1"]
[EndTime "15:14:19 PST"]
[Termination "sergiochess83 won by resignation"]

1. d4 Nf6 2. c4 e6 3. Nc3 Bb4 4. e3 O-O 5. Bd3 d5 6. cxd5 exd5 7. a3 Bd6 8. Qc2 Re8 9. Nge2 c6 10. f3 b6 11. e4 dxe4 12. fxe4 Ng4 13. e5 Bf8 14. h3 Nh6 15. Bxh7+ Kh8 16. Be4 f5 17. Bf3 Be6 18. O-O Nf7 19. Be3 a5 20. Nf4 Qd7 21. d5 cxd5 22. Nxe6 Rxe6 23. Bxd5 Rxe5 24. Bxa8 Rxe3 25. Qxf5 Bc5 26. Qxd7 Nxd7 27. Na4 Bd4 28. Rad1 Nfe5 29. Rxd4 Re2 30. Rh4+ Kg8 31. Bd5+ 1-0

[Event "Late-Titled-Tuesday-Blitz-January-23-2024"]
[Site "Chess.com"]
[Date "2024.01.23"]
[Round "7"]
[White "ural58"]
[Black "ninguno46"]
[Result "1-0"]
[WhiteElo "2474"]
[BlackElo "2575"]
[TimeControl "180+1"]
[EndTime "15:14:19 PST"]
[Termination "ural58 won on time"]

1. e4 c5 2. b3 e5 3. Bb2 d6 4. f4 exf4 5. Qf3 Ne7 6. Ne2 h5 7. Nxf4 Bg4 8. Qe3 Nbc6 9. Bb5 a6 10. Bxc6+ bxc6 11. h3 Be6 12. O-O Qd7 13. Nc3 Rh6 14. Na4 Rb8 15. Nxe6 Qxe6 16. d3 f6 17. c4 h4 18. Nc3 Ng6 19. Ne2 Ne5 20. Nf4 Qd7 21.
Rad1 Be7 22. d4 cxd4 23. Bxd4 g5 24. Bxe5 fxe5 25. Nd3 Qe6 26. Rf5 Rg6 27. Rdf1 g4 28.
c5 gxh3 29. Qxh3 dxc5 30. Nxe5 Rh6 31. Qg4 c4 32. Qg7 1-0

[Event "Late-Titled-Tuesday-Blitz-January-23-2024"]
[Site "Chess.com"]
[Date "2024.01.23"]
[Round "7"]
[White "R2D2PTY"]
[Black "Vicmary2005"]
[Result "0-1"]
[WhiteElo "2229"]
[BlackElo "2003"]
[TimeControl "180+1"]
[EndTime "15:14:19 PST"]
[Termination "Vicmary2005 won by resignation"]

1. e4 c5 2. Nc3 Nc6 3. Bb5 Nd4 4. Nf3 g6 5. O-O Bg7 6. Nxd4 cxd4 7. Ne2 a6 8. Bd3 e6 9. c3 dxc3 10. bxc3 Ne7 11.
Bc2 O-O 12. d4 d5 13. e5 f6 14. f4 fxe5 15. fxe5 b5 16. Ba3 Bd7 17. Nf4 Rc8 18. Qe1 Rf7 19. Bd1 Nf5 20. Bf3 Qc7 21.
Nxd5 exd5 22. e6 Bxe6 23. Qxe6 Qxc3 24. Bxd5 Bxd4+ 25. Kh1 Rc7 26. Rac1 Qd2 27. Rxc7 Kh8 28. Qxf7 Ng3+ 0-1

[Event "Late-Titled-Tuesday-Blitz-January-23-2024"]
[Site "Chess.com"]
[Date "2024.01.23"]
[Round "7"]
[White "Hikaru"]
[Black "bazar-wokzal"]
[Result "1-0"]
[WhiteElo "3279"]
[BlackElo "2604"]
[TimeControl "180+1"]
[EndTime "15:14:20 PST"]
[Termination "Hikaru won on time"]

1. d4 Nf6 2. Bg5 e6 3. e4 h6 4. Bxf6 Qxf6 5. Nc3 Bb4 6. Qd3 d5 7. e5 Qe7 8. a3 Bxc3+ 9. Qxc3 c5 10. dxc5 O-O 11. Nf3 b6 12. cxb6 axb6 13. Bd3 Na6 14. b4 Nc7 15. O-O Ba6 16. Nd4 Bxd3 17. cxd3 Rfc8 18.
Rfc1 f6 19. Qe1 Kf7 20. Rc6 Rcb8 21. Rac1 Rb7 22. R1c3 Raa7 23. f4 g5 24. f5 exf5 25.
Rxf6+ Kg8 26. Nxf5 1-0

[Event "Late-Titled-Tuesday-Blitz-January-23-2024"]
[Site "Chess.com"]
[Date "2024.01.23"]
[Round "7"]
[White "ArtemDyachuk"]
[Black "VladimirKramnik"]
[Result "1-0"]
[WhiteElo "2648"]
[BlackElo "2927"]
[TimeControl "180+1"]
[EndTime "15:14:21 PST"]
[Termination "ArtemDyachuk won on time"]

1. e4 c5 2. Nf3 d6 3. Bb5+ Nd7 4. d4 cxd4 5. Qxd4 a6 6. Be2 Ngf6 7. O-O e5 8. Qe3 Nc5 9. Nc3 Be7 10. h3 b5 11. b4 Ne6 12. a4 bxa4 13. Rxa4 O-O 14. Bb2 Nf4 15. Bc4 Qd7 16. Rfa1 Nxg2 17. Kxg2 Qxh3+ 18.
Kg1 Ng4 19. Bf1 Qh5 20. Qe2 f5 21. Bg2 Bb7 22. b5 a5 23. Rxa5 Rxa5 24. Rxa5 d5 25. Nxd5 Bxd5 26. exd5 e4 27. Ra7 exf3 28. Qe6+ Rf7 29.
Ra8+ Bf8 30. Rxf8+ 1-0

[Event "Late-Titled-Tuesday-Blitz-January-23-2024"]
[Site "Chess.com"]
[Date "2024.01.23"]
[Round "7"]
[White "Kombinator01"]
[Black "DefiantChair"]
[Result "0-1"]
[WhiteElo "2460"]
[BlackElo "2593"]
[TimeControl "180+1"]
[EndTime "15:14:21 PST"]
[Termination "DefiantChair won on time"]

1. d4 Nf6 2. Bf4 d5 3. e3 c5 4. Nf3 Nc6 5. Nbd2 Qb6 6. dxc5 Qxb2 7. Rb1 Qc3 8. Bb5 e6 9. Ne5 Bd7 10. Nxd7 Nxd7 11. O-O Nxc5 12. Nf3 a6 13. Be5 Qa5 14. Bxc6+ bxc6 15. Nd4 Rc8 16. c4 f6 17. Bg3 Be7 18.
Qh5+ g6 19. Qh6 Kf7 20. cxd5 cxd5 21. h4 e5 22. Nb3 Nxb3 23. e4 Nd4 24. Rb7 Ne2+ 25.
Kh2 Nxg3 26. fxg3 Rc7 27. Rb3 dxe4 28. h5 Rcc8 29. Rb7 Qd5 30. Ra7 e3 31. Qxe3 Qc5 32.
Qb3+ Qc4 33. Qf3 Qe6 34. h6 Rhd8 35. Rb7 Rd7 36. Rb3 Rcd8 37. Qf2 f5 38. Qf3 e4 39. Qc3 Bf6 40. Qb4 e3 41. Qe1 e2 42. Rf2 Re8 0-1

[Event "Late-Titled-Tuesday-Blitz-January-23-2024"]
[Site "Chess.com"]
[Date "2024.01.23"]
[Round "7"]
[White "only_strong_moves"]
[Black "sergeikim"]
[Result "1-0"]
[WhiteElo "2532"]
[BlackElo "2412"]
[TimeControl "180+1"]
[EndTime "15:14:21 PST"]
[Termination "only_strong_moves won on time"]

1. d4 Nf6 2. Nc3 g6 3. e4 d6 4. Bg5 Bg7 5. e5 Nfd7 6. h3 Nb6 7. f4 O-O 8. Nf3 a5 9. Bd3 Nc6 10. a3 f6 11. exf6 exf6 12. Bh4 Re8+ 13. Ne2 Nd5 14. Qd2 Ne3 15. Kf2 Nf5 16. Rae1 Be6 17. c4 Nxh4 18.
Nxh4 d5 19. c5 f5 20. Nf3 Bf7 21. Ne5 Bh6 22. Qc3 Nxe5 23. dxe5 d4 24. Qc2 Qd5 25. g4 fxg4 26. hxg4 Bg7 27. Be4 Qd7 28. Qd3 Ra6 29. Kg3 b6 30. Qxa6 bxc5 31. Bc6 Qe6 32. Bb7 Qb3+ 33.
Bf3 Bd5 34. Rhf1 1-0

[Event "Late-Titled-Tuesday-Blitz-January-23-2024"]
[Site "Chess.com"]
[Date "2024.01.23"]
[Round "7"]
[White "lucachess49"]
[Black "Fernando_Offermann"]
[Result "0-1"]
[WhiteElo "2507"]
[BlackElo "2482"]
[TimeControl "180+1"]
[EndTime "15:14:27 PST"]
[Termination "Fernando_Offermann won by resignation"]

1. c4 g6 2. Nf3 Bg7 3. g3 c5 4. Bg2 Nc6 5. O-O e5 6. d3 f5 7. Ne1 Nf6 8. Nc3 O-O 9. Bg5 h6 10. Bxf6 Bxf6 11. Nc2 f4 12. Nd5 Bg7 13. Be4 Kh7 14.
h4 d6 15. h5 Bf5 16. hxg6+ Kxg6 17. Bxf5+ Rxf5 18. e4 Rg5 19. Kg2 Qd7 20. Rh1 Rf8 21.
Rh4 Nd4 22. Nxd4 cxd4 23. Rh3 Qf7 24. f3 h5 25. Qe2 Rh8 26. Rah1 fxg3 27. Rxg3 Bf6 28.
Rxg5+ Bxg5 29. Kf1 h4 30. Rh3 Qe6 31. Qg2 Kh5 32.
Ke2 Rf8 33. f4 exf4 34. Qf3+ Qg4 35. Rh1 Qxf3+ 36. Kxf3 Bf6 37. Nxf4+ Kh6 38. Kg4 Bg5 39. Ne6 Rg8 40. Nxg5 Rxg5+ 41. Kf4 Kh5 42. Rh3 Rg1 43. Rh2 Rf1+ 0-1

[Event "Late-Titled-Tuesday-Blitz-January-23-2024"]
[Site "Chess.com"]
[Date "2024.01.23"]
[Round "7"]
[White "Sebastian"]
[Black "Dedic8"]
[Result "1-0"]
[WhiteElo "3006"]
[BlackElo "2816"]
[TimeControl "180+1"]
[EndTime "15:14:28 PST"]
[Termination "Sebastian won by resignation"]

1. e4 e5 2. Nf3 Nc6 3. Bb5 a6 4. Ba4 Nf6 5. O-O b5 6. Bb3 Bc5 7. c3 d6 8. d4 Bb6 9. Re1 O-O 10.
Bg5 h6 11. Bh4 g5 12. Nxg5 hxg5 13. Bxg5 Kg7 14. Re3 Rg8 15. Nd2 Kf8 16. Bxf6 Qxf6 17. Rf3 Qg6 18. Rxf7+ Ke8 19. g3 exd4 20. Nf3 Be6 21. Rf4 Bxb3 22. Qxb3 Kd7 23. Nh4 Qg5 24. Rf7+ Kc8 25. Nf5 Re8 26. Qd5 dxc3 27. Qxc6 1-0